 Dungeon Crawl Stone Soup version 0.16-a0-3265-g401194c (webtiles) character file.

96 Minkie the Vexing (level 4, -7/30 HPs)
             Began as a Vampire Enchanter on Dec 23, 2014.
             Killed by nerve-wracking pain
             ... invoked by an orc priest
              (13 damage)
             ... on level 3 of the Dungeon.
             The game lasted 00:08:06 (2202 turns).

Minkie the Vexing (Vampire Enchanter)               Turns: 2202, Time: 00:08:06

Health: -7/30      AC:  3    Str:  7    XL:     4   Next: 41%
Magic:  0/7        EV: 13    Int: 18    God:
Gold:   68         SH:  0    Dex: 14    Spells: 2 memorised, 4 levels left

rFire  . . .     SeeInvis +     l - +1 dagger (venom)
rCold  + + .     Clarity  .     b - +1 robe
rNeg   + + +     SustAb   .     (no shield)
rPois  +         Gourm    .     (no helmet)
rElec  .         Spirit   .     (no cloak)
rCorr  .         Warding  .     (no gloves)
rMut   .         Stasis   .     (no boots)
MR     .....                    (no amulet)
Stlth  ++++......               (no ring)
                                (no ring)

@: very slightly contaminated, regenerating slowly, not resistant to hostile
enchantments, stealthy
A: bottle blood, fangs 3, see invisible, unbreathing
a: Bat Form


You were on level 3 of the Dungeon.
You were near bloodless.

You visited 1 branch of the dungeon, and saw 4 of its levels.

You collected 68 gold pieces.

Inventory:

Hand weapons
 l - a +1 dagger of venom (weapon)
Missiles
 p - 8 needles of confusion
Armour
 b - a +1 robe (worn)
Magical devices
 a - a wand of slowing (15)
 o - a wand of random effects (27)
Scrolls
 g - 3 scrolls of teleportation {unknown}
 h - a scroll of magic mapping {unknown}
 i - a scroll of identify {unknown}
 j - 2 scrolls of enchant armour {unknown}
 m - a scroll of recharging {unknown}
Potions
 d - 4 potions of blood
 e - a potion of flight {unknown}
 f - a potion of resistance {unknown}
 k - 2 potions of curing {unknown}
 n - a potion of cancellation {unknown}
Books
 c - a book of Maledictions

   Spells                             Type                      Level
   a - Corona                         Hexes                        1
   b - Sure Blade                     Hexes/Charms                 2
   c - Ensorcelled Hibernation        Hexes/Ice                    2
   d - Confuse                        Hexes                        3
   e - Dazzling Spray                 Conjuration/Hexes            3
   f - Enslavement                    Hexes                        4


   Skills:
 + Level 2.1 Short Blades
 + Level 3.2 Dodging
 + Level 5.4 Stealth
 - Level 2.0 Spellcasting
 + Level 5.6 Hexes


You had 4 spell levels left.
You knew the following spells:

 Your Spells              Type           Power        Failure   Level  Hunger
a - Corona                Hex            ###....      1%          1    #......
b - Ensorcelled Hibernat  Hex/Ice        ##....       12%         2    ###....


Dungeon Overview and Level Annotations

Branches:
Dungeon (4/15)
 Temple: D:4-7

Altars:
Cheibriados
Okawaru
Xom
Zin
The Shining One


Innate Abilities, Weirdness & Mutations

You heal slowly.
You can bottle blood from corpses.
You have razor-sharp teeth.
You have supernaturally acute eyesight.
You can survive without breathing.


Message History

The orc priest looks even sicker.
The orc priest is moderately wounded.
The orc priest hits you.
You hit the orc priest but do no damage.
The orc priest is heavily wounded.
The orc priest hits you but does no damage.
You hit the orc priest but do no damage.
The orc priest is severely wounded.
The orc priest invokes the aid of Beogh against you.
Something smites you!
* * * LOW HITPOINT WARNING * * *
Casting: Ensorcelled Hibernation
Confirm with . or Enter, or press ? or * to list all spells.
Aiming: Ensorcelled Hibernation
Press: ? - help, Shift-Dir - straight line, f/p - orc priest
Aim: an orc priest, wearing a leather armour (severely wounded, poisoned, chance 42%)
The orc priest resists with some effort.
The orc priest mumbles some strange prayers to Beogh against you.
Pain shoots through your body!
You die...

#.#.# #.# #.# ..
#.._..#.#####.##
##
#.#.#..........##
###.###.###.....#
#.# #.# ##...##
#.#####..######.#
.................#
#.#####..########
#....@o..#
#######.## #.#
#.......#
#.##.##.# # ... ..
#.# .# #.. % .o.


You could see an orc priest.

Vanquished Creatures
  A gnoll (D:1)
  4 adders
  A worm (D:3)
  5 orcs
  4 bats
  2 giant cockroaches
  5 goblins
  6 hobgoblins
  4 kobolds
  A ball python (D:3)
  3 giant newts
  5 rats
  A butterfly (D:3)
42 creatures vanquished.

Notes
Turn   | Place    | Note
--------------------------------------------------------------
     0 | D:1      | Minkie, the Vampire Enchanter, began the quest for the Orb.
     0 | D:1      | Reached XP level 1. HP: 13/13 MP: 3/3
   396 | D:1      | Reached XP level 2. HP: 5/19 MP: 4/4
   629 | D:1      | Learned a level 2 spell: Ensorcelled Hibernation
   818 | D:1      | Found an iron altar of Okawaru.
   869 | D:1      | Reached skill level 5 in Hexes
  1036 | D:2      | Reached XP level 3. HP: 24/24 MP: 3/6
  1105 | D:1      | Reached skill level 5 in Stealth
  1236 | D:2      | Found a glowing golden altar of the Shining One.
  1331 | D:2      | Reached XP level 4. HP: 30/30 MP: 7/7
  1627 | D:2      | Found a snail-covered altar of Cheibriados.
  1861 | D:3      | Found a shimmering altar of Xom.
  2156 | D:3      | Found a glowing silver altar of Zin.
  2202 | D:3      | Killed from afar by an orc priest

Action                   |  1- 3 |  4- 6 || total
-------------------------+-------+-------++-------
Melee: Dagger            |    64 |    36 ||   100
 Cast: Ensorcelled Hiber |    10 |    13 ||    23
 Stab: Sleeping          |    14 |     8 ||    22
